 Dungeon Crawl Stone Soup version 0.32-a0-450-g080537f31e (webtiles) character file.

Game seed: 7750493360179430288

91 ezpacito the Trooper (level 4, -6/35 HPs)
             Began as a Demonspawn Chaos Knight on Feb 23, 2024.
             Was a Plaything of Xom.
             Mangled by a gnoll
             ... wielding a +0 spear
              (7 damage)
             ... on level 2 of the Dungeon.
             The game lasted 00:01:16 (1182 turns).

ezpacito the Trooper (Demonspawn Chaos Knight)      Turns: 1182, Time: 00:01:17

Health: -6/35      AC:  5    Str: 14    XL:     4   Next: 34%
Magic:  5/5        EV: 11    Int: 13    God:    Xom [..*...]
Gold:   85         SH:  0    Dex: 12    Spells: 5/5 levels left

rFire   . . .        a - +0 hand axe (chaos)
rCold   . . .        (no shield)
rNeg    . . .        b - +2 leather armour
rPois   .            (helmet restricted)
rElec   .            f - scarf {harm}
rCorr   .            (no gloves)
SInv    .            (no boots)
Will    .....        (no amulet)
Stlth   +            (no ring)
HPRegen 0.25/turn    (no ring)
MPRegen 0.09/turn

%: harm (+30% outgoing, +20% incoming)
@: no status effects
A: antennae 1, powered by death 1, weakness stinger 1
a: Renounce Religion


You were on level 2 of the Dungeon.
You worshipped Xom.
You were a toy of Xom.
You visited 1 branch of the dungeon, and saw 2 of its levels.

You collected 85 gold pieces.

Inventory:

Hand Weapons
 a - a +0 hand axe of chaos (weapon)
Armour
 b - a +2 leather armour (worn)
 f - a scarf of harm (worn)
Scrolls
 c - a scroll of butterflies
 d - 3 scrolls of fog {unknown}
 i - a scroll of silence {unknown}
 j - a scroll of fear {unknown}
 l - 3 scrolls of blinking {unknown}
 n - 2 scrolls of teleportation {unknown}
 p - a scroll of revelation {unknown}
 r - a scroll of enchant armour {unknown}
 s - 2 scrolls of identify {unknown}
 t - a scroll of poison {unknown}
Potions
 g - a potion of magic
 h - a potion of heal wounds {unknown}
 k - a potion of might {unknown}
 m - 2 potions of enlightenment {unknown}
 o - a potion of curing {unknown}
 q - a potion of haste {unknown}


   Skills:
 * Level 3.4 Fighting
 * Level 3.0 Axes
 * Level 2.2 Armour
 * Level 1.8 Dodging
 + Level 0.9 Stealth
 * Level 1.0 Unarmed Combat
 * Level 1.2 Spellcasting


You had 5 spell levels left.
You didn't know any spells.
Your spell library was empty.

Dungeon Overview and Level Annotations

Branches:
Dungeon (2/15)

Altars:


Innate Abilities, Weirdness & Mutations

You have a pair of small antennae on your head.
You regenerate a little health from kills.
You have a small tail.


Message History

Found 11 gold pieces.
The gnoll hits you with a +0 flail! The gnoll completely misses you.
The gnoll closely misses you.
The gnoll shouts!
You hit the gnoll but do no damage.
The gnoll looks weaker.
You barely miss the giant cockroach. You barely miss the gnoll.
The giant cockroach bites you. The gnoll barely misses you. x2
The gnoll hits you from afar with a +0 spear.
The giant cockroach barely misses you.
Unknown command.
You hit the gnoll. You freeze the gnoll.
Your tail-slap misses the gnoll.
The gnoll is moderately wounded.
You hit the giant cockroach.
You kill the giant cockroach!
You hit the gnoll.
You burn the gnoll. "Go forth and destroy!"
You fade into invisibility!
The gnoll barely misses you. The gnoll closely misses you.
The gnoll barely misses you.
You hit the gnoll. You tail-slap the gnoll!
The gnoll is severely wounded.
You hit the gnoll.
You feel better. The gnoll hits you with a +0 flail!
A shower of butterflies erupts from you!
The gnoll hits you with a +0 spear.
* * * LOW HITPOINT WARNING * * *
The gnoll closely misses you. The gnoll barely misses you.
It was a potion of cancellation.
Your magical effects are unravelling.
You feel magically purged.
Xom thinks this is hilarious!
You flicker back into view.
The gnoll hits you from afar with a +0 spear.
* * * LOW HITPOINT WARNING * * *
The gnoll completely misses you. The gnoll hits you with a +0 spear.
* * * LOW HITPOINT WARNING * * *
It was a potion of magic.
Magic courses through your body.
Xom roars with laughter!
The gnoll hits you from afar with a +0 spear.
* * * LOW HITPOINT WARNING * * *
The gnoll closely misses you. The gnoll hits you with a +0 spear.
You die...

####......##.# ############.#
....... #.# .>...## #.# .....+
#.# .....# #.# ###### #.#
#.######### #####
.#..#....@....########## .....
.........g.g...+.........
##### #.####...g†b...#.....#
..$..b.......#.....# #
#####........#.....# ####
#.........#.....#### ...##
#.....#####........# ##..##
####)....#####........#
##..####.....#...............#


You could see 3 gnolls.

Vanquished Creatures
  3 gnolls (D:2)
  An adder (D:2)
  2 ribbon worms (D:2)
  4 dart slugs
  4 ball pythons
  5 endoplasms
  4 giant cockroaches
  4 goblins
  2 hobgoblins (D:1)
  3 kobolds
  A quokka (D:1)
  3 bats (D:1)
  5 frilled lizards
41 creatures vanquished.

Notes
Turn   | Place    | Note
-------+----------+-------------------------------------------
     0 | D:1      | ezpacito the Demonspawn Chaos Knight began the quest for
                  | the Orb.
     0 | D:1      | Reached XP level 1. HP: 18/18 MP: 1/1
    91 | D:1      | Reached skill level 1 in Dodging
   181 | D:1      | Gained mutation: You regenerate a little health from kills.
                  | [demonic ancestry]
   181 | D:1      | Reached XP level 2. HP: 24/24 MP: 2/2
   296 | D:1      | Found a faded altar of an unknown god.
   297 | D:1      | XOM: silly message
   604 | D:1      | Discovered your monstrous ancestry.
   604 | D:1      | Gained mutation: You have a pair of small antennae on your
                  | head. [demonic ancestry]
   604 | D:1      | Reached XP level 3. HP: 25/29 MP: 4/4
   807 | D:2      | Reached skill level 1 in Spellcasting
  1088 | D:2      | Reached skill level 1 in Unarmed Combat
  1088 | D:2      | Gained mutation: You have a small tail. [demonic ancestry]
  1088 | D:2      | Reached XP level 4. HP: 28/35 MP: 5/5
  1178 | D:2      | XOM: potion effect (invisibility)
  1180 | D:2      | XOM: butterfly on damage
  1182 | D:2      | HP: 1/35 [gnoll/+0 spear (2)]
  1182 | D:2      | Mangled by a gnoll

Illustrated notes

Levels and vault maps discovered:
D:1:      dpeg_arrival_erosion, layout_loops_ring,
          ebering_ecumenical_altar_abandoned, minmay_worlds_worst_comb
D:2:      layout_basic

Skill      XL: |  1  2  3  4 |
---------------+-------------+-----
Dodging        | 1 |  1.8
Armour         | 2 |  2.2
Spellcasting   | 1 |  1.2
Unarmed Combat | 1 |  1.0
Axes           | 3 |  3.0
Fighting       | |  3.4
Stealth        | |  0.9

Action                     |  1- 3 |  4- 6 || total
---------------------------+-------+-------++-------
  Melee: Hand axe          |    99 |     8 ||   107
         Tailslap          |       |     2 ||     2
    Use: Potion            |       |     2 ||     2
   Stab: Petrified         |     3 |       ||     3
         Paralysed         |     2 |       ||     2
 Armour: Leather armour    |    45 |    15 ||    60
  Dodge: Dodged            |    55 |    16 ||    71

Table legend: (Time is in decaauts)
 A = Elapsed time spent in this place.
 B = Non-inter-level travel time spent in this place.
 C = Inter-level travel time spent in this place.
 D = Time resting spent in this place.
 E = Time spent auto-exploring this place.
 F = Levels seen in this place.
 G = Mean time per level.
                   A        B        C        D        E       F      G
               +--------+--------+--------+--------+--------+-----+--------+
         Total |   1198 |   1125 |     73 |     62 |    785 |   2 |  599.0 |
       Dungeon |   1198 |   1125 |     73 |     62 |    785 |   2 |  599.0 |
               +--------+--------+--------+--------+--------+-----+--------+

Top non-repeatable levels by time:
     D:1: 790 daAuts
     D:2: 407 daAuts
